 Dungeon Crawl Stone Soup version 0.22.0-21-g8bd1b0a76a (webtiles) character file.

175 Freyura the Sneak (level 5, -2/39 HPs)
             Began as a Vampire Assassin on Aug 19, 2018.
             Slain by a hobgoblin
             ... wielding a +0 club
              (7 damage)
             ... on level 3 of the Dungeon.
             The game lasted 00:10:03 (1730 turns).

Freyura the Sneak (Vampire Assassin)                Turns: 1730, Time: 00:10:03

Health: -2/39      AC:  4    Str: 10    XL:     5   Next: 29%
Magic:  5/5        EV: 18    Int: 13    God:
Gold:   86         SH:  0    Dex: 17    Spells: 4/4 levels left

rFire    + . .     SeeInvis +   a - +2 dagger
rCold    + . .     Gourm    .   (no shield)
rNeg     + + .     Faith    .   j - +0 robe {rF+}
rPois    +         Spirit   .   (no helmet)
rElec    .         Reflect  .   d - +1 cloak
rCorr    .         Harm     .   (no gloves)
MR       .....     Rnd*Tele +   (no boots)
Stlth    +++++.....             (no amulet)
HPRegen  0.06/turn              o - +5 ring of evasion
MPRegen  0.09/turn              i - ring of teleportation (curse)

@: regenerating slowly
A: fangs 3, see invisible, unbreathing
a: Bat Form


You were on level 3 of the Dungeon.
You were very thirsty.

You visited 1 branch of the dungeon, and saw 3 of its levels.

You collected 86 gold pieces.

Inventory:

Hand Weapons
 a - a +2 dagger (weapon)
 b - a +0 blowgun
Missiles
 e - 13 poisoned needles
 f - a curare-tipped needle
Armour
 c - a +0 robe
 d - a +1 cloak (worn)
 j - a +0 robe of fire resistance (worn)
Jewellery
 i - a cursed ring of teleportation (right hand)
 o - a +5 ring of evasion (left hand)
Scrolls
 l - 2 scrolls of teleportation
 p - a scroll of remove curse {unknown}
Potions
 g - 5 potions of blood
 h - a potion of resistance
 k - a potion of agility
 m - 2 potions of might {unknown}
 n - 2 potions of curing {unknown}
 r - a potion of flight {unknown}


   Skills:
 + Level 2.5 Fighting
 * Level 3.9 Short Blades
 - Level 1.5 Throwing
 + Level 2.4 Dodging
 * Level 7.5 Stealth


You had 4 spell levels left.
You didn't know any spells.
Your spell library was empty.

Dungeon Overview and Level Annotations

Branches:
Dungeon (3/15)

Altars:
Elyvilon
Qazlal
Vehumet
Xom


Innate Abilities, Weirdness & Mutations

You heal slowly.
You have razor-sharp teeth.
You have supernaturally acute eyesight. (SInv)
You can survive without breathing.


Message History

The hobgoblin is moderately wounded.
The hobgoblin misses you.
You hit the hobgoblin.
The hobgoblin is heavily wounded.
You see here a stone.
You barely miss the hobgoblin.
The hobgoblin is heavily wounded.
The hobgoblin closely misses you.
You closely miss the hobgoblin.
The hobgoblin is heavily wounded.
The hobgoblin misses you.
You barely miss the hobgoblin.
The hobgoblin is heavily wounded.
The hobgoblin misses you.
You hit the hobgoblin but do no damage.
The hobgoblin is heavily wounded.
You hit the hobgoblin but do no damage. Your bite misses the hobgoblin.
The hobgoblin is heavily wounded.
The hobgoblin hits you with a club!
You die...

# #.# #.............
. # #.#
#.##.#.#.#### . #
#.# #.##.....# # #.#
#.##..(..# #
#.#####.##.(...#
#.......##.รท...#
##########.....#
########## #.....#
##....(.......##@###
.......######.
#g#############.
..........# #.
#r....(?/.......
.#.###.##.#
#....<..........###
.#.# #.##.#
###########.###.#
[#># #.##.# .#.. ..
.#.# #.##.# # ### #
##.# #.##.# #.#
#.##.####


You could see a hobgoblin and a rat.

Vanquished Creatures
  An orc wizard (D:3)
  An orc priest (D:3)
  Terence (D:3)
  3 adders
  2 worms (D:2)
  3 dart slugs
  4 orcs (D:3)
  4 giant cockroaches
  3 goblins
  A hobgoblin (D:2)
  4 jackals (D:2)
  2 ball pythons (D:3)
  7 bats
  3 frilled lizards
  6 kobolds
  7 rats
52 creatures vanquished.

Notes
Turn   | Place    | Note
-------+----------+-------------------------------------------
     0 | D:1      | Freyura the Vampire Assassin began the quest for the Orb.
     0 | D:1      | Reached XP level 1. HP: 16/16 MP: 1/1
   109 | D:1      | Reached skill level 6 in Stealth
   256 | D:1      | Reached XP level 2. HP: 16/22 MP: 2/2
   651 | D:2      | Reached XP level 3. HP: 16/27 MP: 3/3
  1029 | D:2      | Found a stormy altar of Qazlal.
  1180 | D:2      | Found a shimmering altar of Xom.
  1180 | D:2      | Found a white marble altar of Elyvilon.
  1339 | D:3      | Reached XP level 4. HP: 33/33 MP: 4/4
  1433 | D:3      | Reached skill level 7 in Stealth
  1523 | D:3      | Found a radiant altar of Vehumet.
  1570 | D:3      | Noticed Terence
  1580 | D:3      | Killed Terence
  1607 | D:3      | Reached XP level 5. HP: 39/39 MP: 5/5
  1730 | D:3      | Slain by a hobgoblin

Skill      XL: |  1  2  3  4 |
---------------+-------------+-----
Stealth        | 6 7 |  7.5
Fighting       | 2 |  2.5
Short Blades   | 3 |  3.9
Dodging        | 2 |  2.4
Throwing       | |  1.5

Action                   |  1- 3 |  4- 6 || total
-------------------------+-------+-------++-------
Melee: Dagger            |    76 |    89 ||   165
       Bite              |     2 |     5 ||     7
 Fire: Blowgun           |       |     3 ||     3
  Use: Scroll            |     7 |       ||     7
       Potion            |     1 |       ||     1
 Stab: Sleeping          |    14 |     5 ||    19
Armor: Robe              |    10 |     8 ||    18
Dodge: Dodged            |    31 |    60 ||    91
